 Dungeon Crawl Stone Soup version 0.29-a0-294-g83ea962da3 (webtiles) character file.

Game seed: 4014703875502678102

11979 Leszczynek the Cleaver (level 12, -6/97 HPs)
             Began as a Human Gladiator on Mar 18, 2022.
             Was a Believer of the Shining One.
             Mangled by a death yak (16 damage)
             ... on level 10 of the Dungeon.
             The game lasted 00:40:53 (5662 turns).

Leszczynek the Cleaver (Human Gladiator)            Turns: 5662, Time: 00:40:54

Health: -6/97      AC: 27    Str: 18    XL:     12   Next: 14%
Magic:  12/14      EV:  8    Int: 10    God:    the Shining One [**....]
Gold:   319        SH:  7    Dex: 17    Spells: 11/11 levels left

rFire   . . .      SeeInvis .   a - +2 war axe
rCold   . . .      Faith    .   (no shield)
rNeg    + . .      Spirit   .   m - +18 Lear's hauberk
rPois   +          Reflect  .   (helmet currently unavailable)
rElec   .          Harm     .   (no cloak)
rCorr   .          Rampage  .   (gloves currently unavailable)
Will    .....                   (boots currently unavailable)
Stlth   ..........              (no amulet)
HPRegen 0.26/turn               l - ring of poison resistance
MPRegen 0.14/turn               (no ring)

@: divinely shielded, glowing
A: agile 1
a: Renounce Religion, Divine Shield


You were on level 10 of the Dungeon.
You worshipped the Shining One.
The Shining One was pleased with you.
You visited 2 branches of the dungeon, and saw 13 of its levels.

You collected 319 gold pieces.

Inventory:

Hand Weapons
 a - a +2 war axe (weapon)
 b - a +0 shortbow
 c - a +2 long sword of flaming
 d - a +2 glaive of flaming
Missiles
 e - 8 javelins
 i - 5 boomerangs
 s - 22 poisoned darts (quivered)
Armour
 g - +1 steam dragon scales
 h - a +0 helmet
 m - the +18 Lear's hauberk (worn)
   (You found it on level 7 of the Dungeon)
 n - a +0 cloak
Jewellery
 l - a ring of poison resistance (left hand)
Wands
 f - a wand of paralysis (3)
Scrolls
 j - a scroll of fog
 o - a scroll of fear


   Skills:
 + Level 10.2 Fighting
 - Level 13.4 Axes
 - Level 6.0 Throwing
 + Level 5.4 Armour
 - Level 3.0 Dodging
 * Level 3.2 Invocations


You had 11 spell levels left.
You didn't know any spells.
Your spell library contained the following spells:

 Spells                   Type           Power      Damage    Failure   Level
 Sting                    Tmut/Pois      0%         1d3       99%         1
 Poisonous Vapours        Pois/Air       0%         N/A       100%        2
 Scorch                   Fire           0%         2d5       100%        2
 Confusing Touch          Hex            0%         N/A       100%        3
 Flame Wave               Conj/Fire      0%         2d4       100%        4
 Olgreb's Toxic Radiance  Pois           0%         N/A       100%        4
 Yara's Violent Unravell  Hex/Tmut       0%         3d3       100%        5
 Summon Cactus Giant      Summ           0%         N/A       100%        6
 Enfeeble                 Hex            0%         N/A       100%        7
 Ozocubu's Refrigeration  Ice            0%         4d5       100%        7
 Ignition                 Fire           0%         3d3       100%        8


Dungeon Overview and Level Annotations

Branches:
Dungeon (12/15)            Temple (1/1) D:5            Lair (0/6) D:10
    Orc: D:9-12

Altars:
Ashenzari
Cheibriados
Dithmenos
Elyvilon
Fedhas
Gozag
Hepliaklqana
Kikubaaqudgha
Makhleb
Nemelex Xobeh
Okawaru
Qazlal
Ru
Sif Muna
Trog
Uskayaw
Vehumet
Wu Jian
Xom
Yredelemnul
Zin
The Shining One

Shops:
D:2 (

Annotations:
D:5 2 transporters, sanka's ghost, novice GnMo
D:12 Gastronok


Innate Abilities, Weirdness & Mutations

You are agile. (Dex +2)


Message History

Throw: 23 darts (poison)
Press: ? - help, Q - select action, (/) - cycle Shift-Dir - straight line, f - death yak
Aim: a death yak (moderately wounded, haloed, 97% to hit)
You throw a poisoned dart. The poisoned dart hits the death yak.
The death yak is poisoned.
The death yak is moderately wounded.
A divine shield forms around you! The death yak gores you!!
You hit the death yak.
The death yak is moderately wounded.
The death yak snorts and paws the ground.
The death yak gores you.
You completely miss the death yak.
The death yak is moderately wounded.
The death yak gores you.
You slash the death yak!
The death yak is heavily wounded.
The death yak gores you but does no damage.
You slash the death yak!
The death yak is heavily wounded.
You block the death yak's attack.
You hit the death yak.
The death yak is heavily wounded.
The death yak gores you!
* * * LOW HITPOINT WARNING * * *
Unknown command.
You feel better.
The death yak looks more healthy.
The death yak gores you.
You hit the death yak.
The death yak is severely wounded.
You hit the death yak.
The death yak is severely wounded.
The death yak gores you!
* * * LOW HITPOINT WARNING * * *
You slash the death yak!
The death yak is severely wounded.
The death yak gores you!
* * * LOW HITPOINT WARNING * * *
You slash the death yak!
The death yak is almost dead.
The death yak gores you!
You die...

####......(.#
#...........(.#
#..###.......)#
..............#
........<)....#
.#####........#
.#≈≈t#........#
.#≈≈≈#........#####
.#≈≈≈#...[....YY@.##
.#####..#########..#
........### ##.#
..........########.#
#########..........#
## #......######.#
.# #......##≈≈##.#
.. #......#≈≈≈≈#.#
#.####......##≈≈##.#


You could see a death yak and a yak.

Vanquished Creatures
  2 two-headed ogres
  4 death yaks (D:10)
  Amaemon (D:11)
  Pikel (D:8)
  Maurice (D:8)
  A gargoyle (D:10)
  An orange demon (D:11)
  An unseen horror (D:10)
  A kobold demonologist (D:7)
  Maggie (D:10)
  A troll (D:7)
  A hornet (D:9)
  11 yaks
  Grum (D:8)
  2 wyverns (D:9)
  A water moccasin (D:7)
  Duvessa (D:7)
  3 orc warriors
  An ice beast (D:7)
  5 centaurs
  4 wolves (D:8)
  2 phantoms (D:6)
  4 kobold brigands
  A lemure (D:8)
  A bullfrog (D:7)
  2 gnoll sergeants (D:11)
  A scorpion (D:5)
  Dowan (D:7)
  10 killer bees
  8 howler monkeys
  3 orc priests
  2 jellies
  2 gnoll shamans
  2 iguanas (D:5)
  6 orc wizards
  An adder (D:6)
  16 gnolls
  3 white imps
  A worm (D:5)
  2 dart slugs
  21 orcs
  5 endoplasms
  A giant cockroach (D:4)
  5 goblins
  4 hobgoblins
  2 jackals (D:1)
  23 kobolds
  2 quokkas
  3 ball pythons (D:4)
  2 bats
  A frilled lizard (D:2)
  2 rats
184 creatures vanquished.

Vanquished Creatures (others)
  49 plants
49 creatures vanquished.

Grand Total: 233 creatures vanquished

Notes
Turn   | Place    | Note
-------+----------+-------------------------------------------
     0 | D:1      | Leszczynek the Human Gladiator began the quest for the Orb.
     0 | D:1      | Reached XP level 1. HP: 16/16 MP: 1/1
    86 | D:1      | Reached XP level 2. HP: 11/22 MP: 2/2
   240 | D:2      | Found Ceilewn's Weapon Shoppe.
   467 | D:2      | Found a faded altar of an unknown god.
   613 | D:3      | Reached skill level 4 in Axes
   613 | D:3      | Reached XP level 3. HP: 15/27 MP: 3/3
   818 | D:4      | HP: 4/27 [kobold/+0 short sword (5)]
   957 | D:5      | Entered Level 5 of the Dungeon
   975 | D:5      | Reached XP level 4. HP: 25/33 MP: 4/4
   977 | D:5      | Reached skill level 5 in Axes
  1035 | D:5      | Reached XP level 5. HP: 24/39 MP: 5/5
  1097 | D:5      | Found a transporter.
  1097 | D:5      | Noticed sanka's ghost (novice GnMo)
  1098 | D:5      | Found a transporter.
  1098 | D:5      | Noticed an ogre
  1098 | D:5      | Noticed an ogre
  1098 | D:5      | Noticed an ogre
  1101 | D:5      | ogre wielding +6 dire flail
  1101 | D:5      | XD
  1149 | D:5      | Found a staircase to the Ecumenical Temple.
  1162 | D:5      | Reached skill level 3 in Fighting
  1169 | D:5      | HP: 8/41 [poisoned by a scorpion]
  1174 | Temple   | Entered the Ecumenical Temple
  1329 | Temple   | Became a worshipper of the Shining One
  1365 | D:5      | Reached skill level 4 in Fighting
  1374 | D:5      | Reached XP level 6. HP: 36/48 MP: 6/6
  1550 | D:5      | Noticed a yak
  1550 | D:5      | Noticed a yak
  1550 | D:5      | Noticed a yak
  1551 | D:5      | plz
  1716 | D:6      | Reached skill level 6 in Axes
  1716 | D:6      | Reached XP level 7. HP: 46/54 MP: 7/7
  2021 | D:7      | Reached skill level 7 in Axes
  2077 | D:7      | Noticed a troll
  2087 | D:7      | HP: 9/54 [troll (8)]
  2087 | D:7      | Noticed a water moccasin
  2088 | D:7      | Killed a troll
  2089 | D:7      | Reached skill level 8 in Axes
  2089 | D:7      | Reached XP level 8. HP: 10/60 MP: 8/8
  2091 | D:7      | HP: 3/60 [kobold brigand/+0 club (6)]
  2124 | D:7      | Reached skill level 9 in Axes
  2264 | D:7      | Reached skill level 5 in Fighting
  2373 | D:7      | Noticed Dowan
  2373 | D:7      | Noticed Duvessa
  2394 | D:7      | Killed Duvessa
  2394 | D:7      | Killed Dowan
  2410 | D:7      | Reached skill level 6 in Fighting
  2412 | D:7      | Reached XP level 9. HP: 24/69 MP: 9/9
  2461 | D:7      | Noticed a kobold demonologist
  2468 | D:7      | Killed a kobold demonologist
  2468 | D:7      | Reached * piety under the Shining One
  2469 | D:7      | Reached skill level 7 in Fighting
  2528 | D:7      | Found the +18 Lear's hauberk
  2596 | D:7      | Found a hazy altar of Hepliaklqana.
  2814 | D:8      | Noticed Grum
  2827 | D:8      | Reached skill level 10 in Axes
  2838 | D:8      | Killed Grum
  2916 | D:8      | Noticed a two-headed ogre
  2923 | D:8      | Killed a two-headed ogre
  2924 | D:8      | Reached skill level 11 in Axes
  2924 | D:8      | Reached XP level 10. HP: 18/79 MP: 6/10
  3107 | D:8      | Reached skill level 8 in Fighting
  3223 | D:8      | You fall into a shaft and drop 3 floors!
  3224 | D:11     | 3 floors down into howler monkeys XD
  3230 | D:11     | Reached skill level 9 in Fighting
  3504 | D:10     | Entered Level 10 of the Dungeon
  3599 | D:9      | Reached skill level 1 in Armour
  3655 | D:9      | Reached skill level 2 in Armour
  3752 | D:9      | Reached skill level 3 in Armour
  3853 | D:9      | Noticed a two-headed ogre
  3864 | D:9      | Killed a two-headed ogre
  3865 | D:9      | Reached skill level 4 in Armour
  3870 | D:9      | Reached skill level 12 in Axes
  3946 | D:9      | Reached XP level 11. HP: 47/89 MP: 11/11
  4035 | D:8      | Noticed Pikel
  4037 | D:8      | Noticed Maurice
  4049 | D:8      | Killed Pikel
  4050 | D:8      | Reached skill level 3 in Throwing
  4050 | D:8      | Reached skill level 5 in Armour
  4163 | D:9      | Reached skill level 4 in Throwing
  4384 | D:8      | Killed Maurice
  4385 | D:8      | Reached skill level 5 in Throwing
  4610 | D:10     | um
  4633 | D:11     | Noticed Amaemon
  4634 | D:11     | ummmmmm
  4647 | D:11     | Killed Amaemon
  4671 | D:11     | Reached skill level 10 in Fighting
  4671 | D:11     | Reached skill level 6 in Throwing
  4896 | D:10     | HP: 9/90 [gargoyle/stone arrow (14)]
  5022 | D:10     | Noticed a death yak
  5066 | D:10     | Killed a death yak
  5153 | D:10     | Noticed a death yak
  5156 | D:10     | Noticed a death yak
  5160 | D:10     | Noticed a death yak
  5160 | D:10     | Noticed a death yak
  5165 | D:10     | Killed a death yak
  5166 | D:10     | Reached skill level 13 in Axes
  5166 | D:10     | Killed a death yak
  5302 | D:12     | Noticed Gastronok
  5302 | D:12     | Reached ** piety under the Shining One
  5303 | D:12     | rly
  5505 | D:10     | Reached skill level 1 in Invocations
  5505 | D:10     | Reached XP level 12. HP: 87/97 MP: 11/13
  5517 | D:10     | Found a staircase to the Lair.
  5557 | D:10     | Noticed Maggie
  5559 | D:10     | Gained mutation: You are agile. (Dex +2) [potion of
                  | mutation]
  5569 | D:10     | Killed Maggie
  5570 | D:10     | Reached skill level 2 in Invocations
  5619 | D:10     | Killed a death yak
  5625 | D:10     | Reached skill level 3 in Invocations
  5660 | D:10     | HP: 19/97 [death yak (9)]
  5662 | D:10     | Mangled by a death yak

Illustrated notes #.#############.#...#...#...# #.# . ©. ..#.#.#.#.#...#.# #.# ...##[.#...#...##.##.. #.# . #.#..#.###.#.#.......# #.# ..#.#..#.###...##.###.## #.# ##...##.O#.#.#...... .. ### ..[?OO.W©#...##.###.# ##########.#......... ..©.©..@...##.###.# .....!.....# ## #.. ###........# .# ########## Turn 1101 on D:5: ogre wielding +6 dire flail

......#.# ##.##...#
............Y #...#.#.#
+.........YY. ..#...#
#....>....... #...#.#.
#............# ##.##...
..#............#
......#.#.##[...........#
.###.##... #............#
........#. #..@......#
##.###.# #.........#
......... #.........#
.###.###.#####.........#
#....# #..............#
#.#..# #..............#
#.#.)####..............#
#.#.....+.............(#
#...###.#...(..#########


Turn 1551 on D:5: plz # #######.# #.......# #.......# #.....h.# #@...?..#
#........ #..h..h.. #....!... ########. Turn 3224 on D:11: 3 floors down into
howler monkeys XD #!.!.†.+ #..y.yy# #.y.yyy #.yyyy #yyyy yyy #y# #@## #..##
##..# ##.# ####'## #.....# #.....# #.....# #.....# Turn 4610 on D:10: um
######### #.......# #.#####.# #.# #.#.# #.###.#.# #....<#.# #######@# )6......#
######### Turn 4634 on D:11: ummmmmm #. .. #.#### .. #...[. c. #(... w# #...# .#
#...# .# #...###.# #.....@.##### #............. #<............ ##############
Turn 5303 on D:12: rly

Levels and vault maps discovered:
D:1:      psy_arrival_heroes, layout_basic, kennysheep_decorative_pillar,
          chequers_mini_garden, minmay_tromino_v7
D:2:      layout_loops_corners, shapermc_ecumenical_altar_venn, serial_shops,
          nicolae_shop_waterfront
D:3:      layout_basic, nicolae_grassy_gnolls
D:4:      layout_basic, st_stairs_12, minivault_5
D:5:      layout_basic, minmay_temple_entry_mist, gammafunk_ghost_smash,
          supply_closet_lemuel, nicolae_concentric_dashed_squares_mild
D:6:      layout_loops_ring, grunt_decor_fettered, minivault_24
D:7:      layout_basic, nzn_hepliaklqana_mist_gate, serial_shops,
          nicolae_shop_advertising_works [nicolae_subvault_shop_adworks],
          chequers_big_river, nrook_pool_corridor,
          hellmonk_guarded_unrand_lears, uniq_duvessa
D:8:      layout_basic, uniq_grum, uniq_pikel, uniq_maurice
D:9:      kennysheep_seaside_town, layout_loops_ring, serial_bayou,
          serial_bayou_lagoon_b, serial_bayou_pond_b, serial_bayou_shore_b,
          serial_bayou_pond_b
D:10:     layout_roguey [special_room_bee], dpeg_lair_monsters, orc_0_dummy,
          serial_aquarium, aquarium_bridge_square [aquarium_subvault_window,
          aquarium_subvault_window, aquarium_subvault_balcony,
          aquarium_subvault_bridge], aquarium_window_2, aquarium_window_1,
          aquarium_window_fake, aquarium_window_fake, aquarium_view_2b,
          aquarium_view_2d, aquarium_pool_2, special_room [special_room_orc],
          uniq_maggie
D:11:     layout_basic, nicolae_ru_awakened_eye, uniq_amaemon
D:12:     layout_small_grid, uniq_psyche, uniq_gastronok
Temple:   mainiacjoe_temple_circle_huts

Skill      XL: |  1  2  3  4  5  6  7  8  9 10 11 12 |
---------------+-------------------------------------+-----
Axes           | 4 5 6 8 9 11 12 13 | 13.4
Fighting       | 4 6 7 9 10 | 10.2
Armour         | 4 5 |  5.4
Throwing       | 6 |  6.0
Invocations    | 1 3 |  3.2
Dodging        | |  3.0

Action                   |  1- 3 |  4- 6 |  7- 9 | 10-12 || total
-------------------------+-------+-------+-------+-------++-------
Melee: War axe           |    81 |    72 |   141 |   312 ||   606
       Punch             |       |     1 |     3 |     8 ||    12
Throw: Throwing net      |     4 |     4 |     1 |     1 ||    10
       Stone             |     1 |       |       |       ||     1
       Boomerang         |     3 |     6 |     2 |     1 ||    12
       Javelin           |     1 |     7 |    18 |    35 ||    61
       Dart              |       |       |       |    46 ||    46
Invok: Divine Shield     |       |       |     1 |     5 ||     6
Evoke: Wand              |       |       |     6 |     6 ||    12
  Use: Potion            |       |       |     8 |     6 ||    14
       Scroll            |       |       |     6 |     4 ||    10
 Stab: Sleeping          |     1 |       |       |       ||     1
       Held in net/web   |       |     2 |       |       ||     2
Armor: Leather armour    |     8 |       |       |       ||     8
       Ring mail         |     3 |    18 |    27 |       ||    48
       Chain mail        |       |       |    30 |   227 ||   257
       Skin              |       |       |     6 |       ||     6
Dodge: Dodged            |    49 |    33 |    83 |   124 ||   289
Block: Other             |       |       |     1 |    13 ||    14

Table legend: (Time is in decaauts)
 A = Elapsed time spent in this place.
 B = Non-inter-level travel time spent in this place.
 C = Inter-level travel time spent in this place.
 D = Time resting spent in this place.
 E = Time spent auto-exploring this place.
 F = Levels seen in this place.
 G = Mean time per level.
                   A        B        C        D        E       F      G
               +--------+--------+--------+--------+--------+-----+--------+
         Total |   6042 |   5853 |    189 |     93 |      0 |  13 |  464.8 |
       Dungeon |   5868 |   5696 |    172 |     93 |      0 |  12 |  489.0 |
        Temple |    173 |    156 |     17 |      0 |      0 |   1 |  173.0 |
               +--------+--------+--------+--------+--------+-----+--------+

Top non-repeatable levels by time:
     D:9: 1019 daAuts
     D:7: 809 daAuts
    D:10: 765 daAuts
     D:8: 738 daAuts
    D:11: 656 daAuts
     D:4: 514 daAuts
     D:5: 402 daAuts
     D:2: 320 daAuts
     D:1: 291 daAuts
     D:6: 233 daAuts
  Temple: 173 daAuts
     D:3: 105 daAuts
    D:12: 11 daAuts
